 Dungeon Crawl Stone Soup version 0.28-a0-529-g3bad584f25 (webtiles) character file.

Game seed: 6074519659027503275

25 ryw the Grave Robber (level 3, -5/26 HPs)
             Began as a Ghoul Necromancer on Sept 24, 2021.
             Slain by a scorpion (7 damage)
             ... on level 2 of the Dungeon.
             The game lasted 00:05:04 (1710 turns).

ryw the Grave Robber (Ghoul Necromancer)            Turns: 1710, Time: 00:05:05

Health: -5/26      AC:  3    Str: 11    XL:     3   Next: 4%
Magic:  1/4        EV: 12    Int: 11    God:
Gold:   36         SH:  0    Dex:  9    Spells: 4/5 levels left

rFire   + . .      SeeInvis .   (no weapon)
rCold   + + .      Faith    .   (no shield)
rNeg    + + +      Spirit   .   a - +0 robe
rPois   ∞          Reflect  .   (no helmet)
rElec   +          Harm     .   (no cloak)
rCorr   +          Rampage  .   (no gloves)
Will    .....                   g - +0 pair of boots
Stlth   ++........              (no amulet)
HPRegen 0.00/turn               (no ring)
MPRegen 0.09/turn               (no ring)

@: resistant, inhibited regen
A: claws 1, cold resistance 1, negative energy resistance 3, inhibited
regeneration, torment resistance 2
a: no special abilities


You were on level 2 of the Dungeon.
You visited 1 branch of the dungeon, and saw 2 of its levels.

You collected 36 gold pieces.

Inventory:

Armour
 a - a +0 robe (worn)
 g - a +0 pair of boots (worn)
Magical Staves
 d - a staff of earth
Scrolls
 b - a scroll of noise


   Skills:
 + Level 0.0 Fighting
 - Level 1.7 Dodging
 - Level 2.2 Stealth
 + Level 0.0 Unarmed Combat
 + Level 1.8 Spellcasting
 * Level 4.8 Necromancy


You had 4 spell levels left.
You knew the following spells:

 Your Spells              Type           Power      Damage    Failure   Level
a - Pain                  Necr           44%        1d6       4%          1

Your spell library contained the following spells:

 Spells                   Type           Power      Damage    Failure   Level
 Animate Skeleton         Necr           22%        N/A       4%          1
 Vampiric Draining        Necr           5%         2d6       12%         3
 Corpse Rot               Necr/Air       N/A        N/A       17%         2
 Apportation              Tloc           2%         N/A       30%         1
 Summon Small Mammal      Summ           4%         N/A       30%         1
 Animate Dead             Necr           5%         N/A       38%         4
 Poisonous Vapours        Pois/Air       2%         N/A       41%         2
 Agony                    Necr           11%        N/A       75%         5


Dungeon Overview and Level Annotations

Branches:
Dungeon (2/15)

Altars:


Innate Abilities, Weirdness & Mutations

You thrive by killing the living.
You are immune to poison.
You have sharp fingernails.
Your flesh is cold resistant. (rC+)
You are immune to negative energy. (rN+++)
You do not regenerate when monsters are visible.
You are immune to unholy pain and torment.


Message History

The scorpion is moderately wounded.
The scorpion stings you.
You scratch the scorpion but do no damage.
The scorpion is moderately wounded.
The scorpion stings you!
You scratch the scorpion but do no damage.
The scorpion is moderately wounded.
The scorpion barely misses you.
You closely miss the scorpion.
The scorpion is moderately wounded.
The scorpion stings you!
The scorpion stings you but does no damage.
It was a potion of resistance.
You feel protected. The scorpion barely misses you.
You barely miss the scorpion.
The scorpion is moderately wounded.
The scorpion barely misses you.
You barely miss the scorpion.
The scorpion is moderately wounded.
The scorpion closely misses you.
You scratch the scorpion but do no damage.
The scorpion is moderately wounded.
The scorpion stings you but does no damage.
You scratch the scorpion.
The scorpion is heavily wounded.
The scorpion stings you.
* * * LOW HITPOINT WARNING * * *
The scorpion stings you.
* * * LOW HITPOINT WARNING * * *
You closely miss the scorpion.
The scorpion is heavily wounded.
The scorpion misses you.
You scratch the scorpion but do no damage.
The scorpion is heavily wounded.
The scorpion stings you but does no damage.
You scratch the scorpion but do no damage.
The scorpion is heavily wounded.
The scorpion stings you!
You die...

###
############.#########
#..........#.........#
###.########.#.#######.#
#........#)..#.# #.#
#.#.####.###.#.#######.#
#.#.# #..............#.#
#.#.###..###.#.#####.#.#
#.#....@...#.#.# #.#
#.#####s...#.#.# #.# #.
#...##.#.# #.. ..
#......#.# ### ...
.......... .. .........#
.. #.# .#........ . .(#
##....!.:. . ..#####
####.#.####.


You could see a scorpion.

Vanquished Creatures
  3 ball pythons
  2 bats
  2 endoplasms (D:2)
  A giant cockroach (D:2)
  3 goblins
  2 hobgoblins
  3 quokkas
  2 frilled lizards
  A kobold (D:2)
  2 rats
21 creatures vanquished.

Notes
Turn   | Place    | Note
-------+----------+-------------------------------------------
     0 | D:1      | ryw the Ghoul Necromancer began the quest for the Orb.
     0 | D:1      | Reached XP level 1. HP: 14/14 MP: 2/2
   150 | D:1      | Reached XP level 2. HP: 14/20 MP: 3/3
  1217 | D:2      | Noticed a scorpion
  1546 | D:2      | Reached XP level 3. HP: 26/26 MP: 0/4
  1710 | D:2      | Slain by a scorpion

Illustrated notes

Levels and vault maps discovered:
D:1:      minmay_arrival_stone_box, layout_basic, minmay_domino_4
D:2:      layout_basic, ebering_ecumenical_altar_sacrificial,
          chequers_serial_rivers_room_a, minmay_bisected

Action                   || total
-------------------------++-------
Melee: Unarmed           ||    45
 Cast: Pain              ||    35
  Use: Scroll            ||     2
       Potion            ||     2
Armor: Robe              ||    11
Dodge: Dodged            ||    36

Table legend: (Time is in decaauts)
 A = Elapsed time spent in this place.
 B = Non-inter-level travel time spent in this place.
 C = Inter-level travel time spent in this place.
 D = Time resting spent in this place.
 E = Time spent auto-exploring this place.
 F = Levels seen in this place.
 G = Mean time per level.
                   A        B        C        D        E       F      G
               +--------+--------+--------+--------+--------+-----+--------+
         Total |   1710 |   1655 |     55 |    348 |   1083 |   2 |  855.0 |
       Dungeon |   1710 |   1655 |     55 |    348 |   1083 |   2 |  855.0 |
               +--------+--------+--------+--------+--------+-----+--------+

Top non-repeatable levels by time:
     D:1: 1050 daAuts
     D:2: 660 daAuts
